 Dungeon Crawl Stone Soup version 0.21.1-1-g345015f (webtiles) character file.

77 rob the Grave Robber (level 4, -6/31 HPs)
             Began as a Mummy Necromancer on Mar 24, 2018.
             Mangled by bmj180's ghost (8 damage)
             ... on level 3 of the Dungeon.
             The game lasted 00:17:46 (2930 turns).

rob the Grave Robber (Mummy Necromancer)            Turns: 2930, Time: 00:17:47

Health: -6/31      AC:  2    Str: 11    XL:     4   Next: 14%
Magic:  3/9        EV: 12    Int: 15    God:
Gold:   132        SH:  0    Dex: 12    Spells: 6/10 levels left

rFire    x . .     SeeInvis .   g - +2 dagger (elec)
rCold    + . .     Gourm    .   (no shield)
rNeg     + + +     Faith    .   a - +0 robe
rPois    ∞         Spirit   .   (no helmet)
rElec    .         Reflect  .   (no cloak)
rCorr    .         Harm     .   (no gloves)
MR       .....                  (no boots)
Stlth    ++........             (no amulet)
HPRegen  0.10/turn              (no ring)
MPRegen  0.11/turn              (no ring)

@: no status effects
A: no food or potions, fire vulnerability, cold resistance 1, negative energy
resistance 3, torment resistance, unbreathing
a: no special abilities


You were on level 3 of the Dungeon.
You were not hungry.

You visited 1 branch of the dungeon, and saw 3 of its levels.

You collected 132 gold pieces.

Inventory:

Hand Weapons
 d - a +0 dagger
 g - a +2 dagger of electrocution (weapon)
Armour
 a - a +0 robe (worn)
 m - a +2 pair of gloves
Scrolls
 e - a scroll of teleportation {unknown}
 h - 3 scrolls of remove curse {unknown}
 k - 4 scrolls of identify {unknown}
 l - a scroll of immolation {unknown}
 n - a scroll of blinking {unknown}
 o - a scroll of amnesia {unknown}
Potions
 c - a potion of magic {unknown}
 f - a potion of curing {unknown}
 i - a potion of heal wounds {unknown}
Books
 b - a book of Necromancy

   Spells                             Type                      Level
   a - Pain                           Necromancy                   1
   b - Animate Skeleton               Necromancy                   1
   c - Vampiric Draining              Necromancy                   3
   d - Regeneration                   Charms/Necromancy            3
   e - Animate Dead                   Necromancy                   4
   f - Borgnjor's Vile Clutch         Necromancy/Earth             5
Comestibles
 j - 4 rations


   Skills:
 + Level 0.3 Fighting
 + Level 0.4 Short Blades
 + Level 1.6 Dodging
 + Level 1.6 Stealth
 + Level 3.8 Spellcasting
 + Level 4.9 Necromancy


You had 6 spell levels left.
You knew the following spells:

 Your Spells              Type           Power        Failure   Level  Hunger
a - Pain                  Necr           ###.         2%          1    N/A
b - Vampiric Draining     Necr           ###.......   7%          3    N/A

Dungeon Overview and Level Annotations

Branches:
Dungeon (3/15)

Altars:
Elyvilon

Annotations:
D:3 bmj180's ghost, amateur HaFi


Innate Abilities, Weirdness & Mutations

You do not eat or drink.
Your flesh is vulnerable to fire.
You are immune to poison.
Your flesh is cold resistant. (rC+)
You are immune to negative energy. (rN+++)
You are immune to unholy pain and torment.
You can survive without breathing.


Message History

Casting: Pain
Confirm with . or Enter, or press ? or * to list all spells.
Aiming: Pain
Press: ? - help, Shift-Dir - straight line, f - frilled lizard
Aim: a frilled lizard (chance to defeat MR: 87%)
The frilled lizard writhes in agony!
You kill the frilled lizard!
Bmj180's ghost closely misses you.
You hit bmj180's ghost.
Bmj180's ghost is lightly damaged.
Bmj180's ghost hits you but does no damage.
You barely miss bmj180's ghost.
Bmj180's ghost is lightly damaged.
Bmj180's ghost says, "What do you have that I didn't have?"
Bmj180's ghost hits you!
* * * LOW HITPOINT WARNING * * *
You can't drink.
You can't drink.
Bmj180's ghost hits you!
You die...

#... . #..## .#
#... ..#
#..###..###
#..........
#........#
#######........#
#.......@......#
#.###..W.†.....#
#......†<)#...##
#...%..#### #..#
#......# .#
.........# .
..........
###.)...†..
#..$....##


You could see bmj180's ghost.

Vanquished Creatures
  An adder (D:2)
  2 worms (D:2)
  A dart slug (D:1)
  5 leopard geckos
  An orc (D:3)
  3 giant cockroaches
  7 goblins
  4 hobgoblins
  4 jackals (D:2)
  11 kobolds
  A ball python (D:2)
  4 bats
  5 frilled lizards
  2 rats (D:2)
51 creatures vanquished.

Notes
Turn   | Place    | Note
-------+----------+-------------------------------------------
     0 | D:1      | rob the Mummy Necromancer began the quest for the Orb.
     0 | D:1      | Reached XP level 1. HP: 13/13 MP: 4/4
   355 | D:1      | Reached XP level 2. HP: 19/19 MP: 1/5
  1710 | D:1      | Reached XP level 3. HP: 24/24 MP: 3/7
  2017 | D:2      | Found a white marble altar of Elyvilon.
  2716 | D:2      | Reached XP level 4. HP: 31/31 MP: 1/9
  2790 | D:2      | Learned a level 3 spell: Vampiric Draining
  2912 | D:3      | Noticed bmj180's ghost (amateur HaFi)
  2930 | D:3      | Mangled by bmj180's ghost

Skill      XL: |  1  2 |
---------------+-------+-----
Spellcasting   | 3 |  3.8
Fighting       | |  0.3
Short Blades   | |  0.4
Dodging        | |  1.6
Stealth        | |  1.6
Necromancy     | |  4.9

Action                   |  1- 3 |  4- 6 || total
-------------------------+-------+-------++-------
Melee: Unarmed           |     5 |       ||     5
       Dagger            |    31 |     4 ||    35
 Cast: Pain              |    79 |     8 ||    87
Armor: Robe              |    10 |     3 ||    13
Dodge: Dodged            |    55 |     3 ||    58
